 Dungeon Sprint DCSS version 0.28-a0-79-g444c7a33f5 (webtiles) character file.

Game seed: 4878446645756610082

6663 Zeldest the Grappler (level 10, -8/102 HPs)
             Began as a Deep Dwarf Transmuter on Aug 2, 2021.
             Was a High Priest of Makhleb.
             Mangled by a catoblepas (12 damage)
             ... while petrified by a catoblepas
             ... in the Dungeon (Sprint IX: "|||||||||||||||||||||||||||||").
             The game lasted 00:06:59 (761 turns).

Zeldest the Grappler (Deep Dwarf Transmuter)         Turns: 761, Time: 00:07:00

Health: -8/102     AC: 16    Str: 21    XL:     10   Next: 73%
Magic:  10/10      EV:  2    Int: 13    God:    Makhleb [*****.]
Gold:   15         SH:  0    Dex: 16    Spells: 10/13 levels left

rFire   . . .      SeeInvis .     - Unarmed
rCold   . . .      Faith    .   (no shield)
rNeg    + + +      Spirit   .   r - +0 plate armour
rPois   ∞          Reflect  .   (helmet restricted)
rElec   .          Harm     .   l - +0 cloak
rCorr   .          Rampage  .   (no gloves)
Will    +....      NoTele   +   (no boots)
Stlth   ..........              (no amulet)
HPRegen 0.00/turn               n - +3 ring of strength
MPRegen 0.12/turn               f - ring "Ukufap" {EV+4 Dex+3}

@: petrified, hasted
A: damage resistance, heal wounds, sense surroundings 2, no regeneration,
antennae 1
a: Heal Wounds, Renounce Religion, Minor Destruction, Lesser Servant of Makhleb,
Major Destruction, Greater Servant of Makhleb


You were in the Dungeon.
You worshipped Makhleb.
Makhleb was extremely pleased with you.
You visited 1 branch You collected 15 gold pieces.

Inventory:

Armour
 a - a +0 robe
 k - a +0 helmet
 l - a +0 cloak (worn)
 m - a +1 scale mail
 r - a +0 plate armour (worn)
Jewellery
 f - the ring "Ukufap" (right hand) {EV+4 Dex+3}
   (You found it in the Dungeon)

   [ring of evasion]

   EV:        It affects your evasion (+4).
   Dex:       It affects your dexterity (+3).
 n - a +3 ring of strength (left hand)
 o - a +3 ring of dexterity
Wands
 j - a wand of iceblast (8)
Scrolls
 i - 2 scrolls of amnesia
 p - 2 scrolls of fog
Potions
 d - a potion of resistance
 e - 4 potions of magic
 h - 5 potions of curing


   Skills:
 + Level 10.1 Fighting
 + Level 11.7 Armour
 + Level 12.0 Dodging
 + Level 12.9 Unarmed Combat
 - Level 2.2 Spellcasting
 + Level 10.2 Transmutations
 + Level 4.8 Invocations


You had 10 spell levels left.
You knew the following spells:

 Your Spells              Type           Power      Damage    Failure   Level
a - Beastly Appendage     Tmut           56%        N/A       4%          1
b - Wereblood             Tmut           28%        N/A       8%          2

Your spell library contained the following spells:

 Spells                   Type           Power      Damage    Failure   Level
 Spider Form              Tmut/Pois      7%         N/A       75%         3
 Ice Form                 Ice/Tmut       14%        N/A       98%         4


Dungeon Overview and Level Annotations

Branches:
Dungeon (1/1)

Altars:
Cheibriados
Dithmenos
Elyvilon
Fedhas
Gozag
Hepliaklqana
Kikubaaqudgha
Makhleb
Nemelex Xobeh
Okawaru
Qazlal
Ru
Sif Muna
Trog
Uskayaw
Vehumet
Wu Jian
Xom
Yredelemnul
Zin
The Shining One
Beogh
Jiyva
Lugonu


Innate Abilities, Weirdness & Mutations

You are resistant to damage.
You can heal yourself by infusing magical energy.
You passively map the area around you.
You do not regenerate.
You have a pair of small antennae on your head.


Message History

Unknown command.
Okay, then.
You feel much better.
You are engulfed in calcifying dust.
The catoblepas gores you.
You feel much better.
You are engulfed in calcifying dust.
You are slowing down.
The catoblepas gores you!
You feel yourself speed up.
You are engulfed in calcifying dust.
Your limbs have turned to stone.
The catoblepas gores you!!
You have turned to stone.
You are engulfed in calcifying dust.
The catoblepas gores you! x2
The cacodemon is no longer petrified.
The catoblepas gores you.
* * * LOW HITPOINT WARNING * * *
The cacodemon hits you but does no damage. x2
The catoblepas gores you!!
* * * LOW HITPOINT WARNING * * *
The cacodemon hits you. The cacodemon hits you!
* * * LOW HITPOINT WARNING * * *
The catoblepas gores you but does no damage.
The death yak snorts and paws the ground.
The cacodemon hits you!
* * * LOW HITPOINT WARNING * * *
The cacodemon hits you.
The catoblepas gores you but does no damage.
The cacodemon hits you but does no damage.
The cacodemon hits you!
* * * LOW HITPOINT WARNING * * *
The catoblepas gores you!
* * * LOW HITPOINT WARNING * * *
The cacodemon hits you but does no damage.
The cacodemon hits you!
* * * LOW HITPOINT WARNING * * *
The catoblepas breathes a plume of calcifying dust at you.
The blast of calcifying dust hits you but does no damage.
The blast of calcifying dust hits the cacodemon.
The cacodemon is engulfed in calcifying dust.
The cacodemon is moving more slowly.
The cacodemon hits you but does no damage. x2
You are engulfed in calcifying dust.
The catoblepas gores you!!
You die...

*,
,▓.▓.▓_▓
* *
▓.▓.▓_▓
,*
▓.▓.▓_▓ ,
▓†▓.▓_▓ ,
▓.▓.▓_▓ ,
,
,▓.▓.▓_▓
, * , ,
▓§▓.▓_▓ ,
* , *
,▓2▓.▓_▓
,
,▓@▓.▓_▓
,*,
*,▓Y▓.▓_▓
*, ,
▓Y▓.▓_▓ *
* ▓Y▓.▓_▓
* * *, +
▓Y▓.▓_▓
*,
▓Y▓.▓'▓
,* * ,*
▓Y▓.▓.▓ ,
, ,
▓.▓.▓.▓ *
, , ,
,▓.▓.▓)▓


You could see a cacodemon (summoned, petrifying), 2 death yaks, 2 catoblepae and
2 yaks.

Vanquished Creatures
  A boulder beetle (D)
  2 hydras (D)
  A death yak (D)
  2 manticores (D)
  A black mamba (D)
  2 cane toads (D)
  A komodo dragon (D)
  2 wyverns (D)
  3 yaks (D)
  A basilisk (D)
  A steam dragon (D)
  A vampire mosquito (D)
  5 water moccasins (D)
  An orc warrior (D)
  2 wolves (D)
  2 bullfrogs (D)
  An orc wizard (D)
  An ufetubus (D)
  An adder zombie (D)
  2 orcs (D)
  A bat zombie (D)
  3 hobgoblins (D)
  A kobold (D)
  A bat (D)
  A quokka zombie (D)
40 creatures vanquished.

Vanquished Creatures (others)
  A kobold demonologist (D)
  A blink frog (D)
2 creatures vanquished.

Grand Total: 42 creatures vanquished

Notes
Turn   | Place    | Note
-------+----------+-------------------------------------------
     0 | D        | Zeldest the Deep Dwarf Transmuter began the quest for the
                  | Orb.
     0 | D        | Reached XP level 1. HP: 16/16 MP: 3/3
     6 | D        | Reached skill level 1 in Fighting
    28 | D        | Noticed a water moccasin
    30 | D        | Reached XP level 2. HP: 25/25 MP: 3/5
    62 | D        | Killed a water moccasin
    63 | D        | Reached XP level 3. HP: 17/31 MP: 4/6
    63 | D        | Reached XP level 4. HP: 21/38 MP: 4/7
    70 | D        | Found a snail-covered altar of Cheibriados.
    70 | D        | Found a shadowy altar of Dithmenos.
    70 | D        | Found a white marble altar of Elyvilon.
    70 | D        | Found a blossoming altar of Fedhas.
    70 | D        | Found an opulent altar of Gozag.
    71 | D        | Found a hazy altar of Hepliaklqana.
    72 | D        | Found a viscous altar of Jiyva.
    73 | D        | Found an ancient bone altar of Kikubaaqudgha.
    74 | D        | Found a corrupted altar of Lugonu.
    75 | D        | Found a burning altar of Makhleb.
    76 | D        | Found a sparkling altar of Nemelex Xobeh.
    77 | D        | Found an iron altar of Okawaru.
    78 | D        | Found a stormy altar of Qazlal.
    79 | D        | Found a sacrificial altar of Ru.
    80 | D        | Found a shimmering blue altar of Sif Muna.
    81 | D        | Found a bloodstained altar of Trog.
    82 | D        | Found a hide-covered altar of Uskayaw.
    83 | D        | Became a worshipper of Makhleb the Destroyer
    85 | D        | Found a radiant altar of Vehumet.
    86 | D        | Found an ornate altar of the Wu Jian Council.
    87 | D        | Found a shimmering altar of Xom.
    88 | D        | Found a basalt altar of Yredelemnul.
    89 | D        | Found a glowing silver altar of Zin.
    90 | D        | Found a glowing golden altar of the Shining One.
   139 | D        | Learned a level 2 spell: Wereblood
   142 | D        | Noticed an orc warrior
   142 | D        | Noticed a steam dragon
   142 | D        | Noticed a wyvern
   150 | D        | Killed an orc warrior
   151 | D        | Reached XP level 5. HP: 49/49 MP: 3/8
   153 | D        | Killed a steam dragon
   154 | D        | Reached skill level 5 in Dodging
   154 | D        | Reached XP level 6. HP: 57/57 MP: 3/9
   156 | D        | Killed a wyvern
   156 | D        | Reached * piety under Makhleb
   157 | D        | Reached skill level 5 in Armour
   157 | D        | Reached skill level 10 in Unarmed Combat
   157 | D        | Reached skill level 5 in Transmutations
   159 | D        | Reached XP level 7. HP: 66/66 MP: 3/10
   163 | D        | Reached ** piety under Makhleb
   192 | D        | Noticed a kobold demonologist
   192 | D        | Noticed a manticore
   192 | D        | Noticed a boulder beetle
   192 | D        | Noticed a vampire mosquito
   192 | D        | Noticed a four-headed hydra
   192 | D        | Noticed a manticore
   193 | D        | Noticed an ice devil
   200 | D        | Killed a kobold demonologist
   208 | D        | Killed a manticore
   230 | D        | HP: 3/69 [four-headed hydra (8)]
   253 | D        | Killed a boulder beetle
   254 | D        | Reached XP level 8. HP: 61/80 MP: 3/9
   255 | D        | Killed a four-headed hydra
   256 | D        | Gained mutation: You passively map the area around you.
                  | [Deep Dwarf growth]
   256 | D        | Reached XP level 9. HP: 69/88 MP: 3/10
   264 | D        | Reached *** piety under Makhleb
   269 | D        | Killed a manticore
   270 | D        | Reached skill level 10 in Dodging
   366 | D        | Gained mutation: You have a pair of small antennae on your
                  | head. [potion of mutation]
   375 | D        | Got the ring "Ukufap" {EV+4 Dex+3}
   390 | D        | Noticed a black mamba
   390 | D        | Noticed a four-headed hydra
   396 | D        | Noticed a cane toad
   397 | D        | Noticed a komodo dragon
   400 | D        | Killed a four-headed hydra
   401 | D        | Reached skill level 10 in Armour
   404 | D        | Killed a black mamba
   404 | D        | Reached **** piety under Makhleb
   408 | D        | Reached XP level 10. HP: 71/99 MP: 8/11
   416 | D        | Killed a cane toad
   419 | D        | Reached ***** piety under Makhleb
   650 | D        | Noticed a cane toad
   663 | D        | Reached skill level 1 in Invocations
   670 | D        | Killed a cane toad
   677 | D        | Reached skill level 10 in Transmutations
   693 | D        | Noticed a death yak
   693 | D        | Noticed a catoblepas
   693 | D        | Noticed a catoblepas
   699 | D        | Noticed a death yak
   702 | D        | Noticed a death yak
   708 | D        | Killed a death yak
   708 | D        | Reached ****** piety under Makhleb
   709 | D        | Reached skill level 10 in Fighting
   735 | D        | Noticed a cacodemon
   759 | D        | HP: 4/102 [cacodemon[the player character] (2)]
   761 | D        | Mangled by a catoblepas

Illustrated notes

Levels and vault maps discovered:
D:        linesprint [early_d, line_temple, items_1, d_10, items_2, lair_1,
          lair_end, items_3, orc_1, orc_end, items_4, d_15, swamp_1, shoals_1,
          snake_1, spider_1, d_20, vaults_1, items_5, swamp_end, shoals_end,
          snake_end, spider_end, vaults_end, d_27, items_6, zot_1, zot_end,
          crypt_end, forest_end, elf_end, slime_end, tomb_end, abyss_end,
          pan_hell_end]

Skill      XL: |  1  2  3  4  5  6  7  8  9 10 |
---------------+-------------------------------+-----
Fighting       | 1 3 4 7 9 10 | 10.1
Transmutations | 2 3 4 5 7 8 9 10 | 10.2
Spellcasting   | 2 |  2.2
Unarmed Combat | 3 8 9 10 11 12 | 12.9
Armour         | 2 4 5 8 9 10 11 | 11.7
Dodging        | 4 5 6 8 9 10 12 | 12.0
Invocations    | 4 |  4.8

Action                   |  1- 3 |  4- 6 |  7- 9 | 10-12 || total
-------------------------+-------+-------+-------+-------++-------
Melee: Unarmed           |    45 |    14 |    72 |    63 ||   194
       Kick              |    11 |     8 |    42 |    22 ||    83
       Headbutt          |     3 |     2 |    15 |       ||    20
       Punch             |     1 |       |     6 |     2 ||     9
 Cast: Beastly Appendage |     4 |     1 |     5 |     2 ||    12
       Wereblood         |       |     1 |     4 |     2 ||     7
Invok: Greater Servant o |       |       |       |     1 ||     1
 Abil: Heal Wounds       |       |     1 |     9 |     2 ||    12
Evoke: Wand              |       |       |     2 |       ||     2
  Use: Potion            |     2 |     2 |     4 |     3 ||    11
       Scroll            |       |       |     1 |     2 ||     3
 Stab: Invisible         |       |       |     3 |       ||     3
       Petrified         |       |       |       |     1 ||     1
Armor: Robe              |     5 |       |       |       ||     5
       Scale mail        |       |     3 |    11 |       ||    14
       Plate armour      |       |       |       |    33 ||    33
Dodge: Dodged            |    44 |     3 |    41 |    26 ||   114

Table legend: (Time is in decaauts)
 A = Elapsed time spent in this place.
 B = Non-inter-level travel time spent in this place.
 C = Inter-level travel time spent in this place.
 D = Time resting spent in this place.
 E = Time spent auto-exploring this place.
 F = Levels seen in this place.
 G = Mean time per level.
                   A        B        C        D        E       F      G
               +--------+--------+--------+--------+--------+-----+--------+
         Total |    717 |    667 |     50 |      0 |      0 |   1 |  717.0 |
       Dungeon |    717 |    667 |     50 |      0 |      0 |   1 |  717.0 |
               +--------+--------+--------+--------+--------+-----+--------+

Top non-repeatable levels by time:
       D: 717 daAuts
